june, lawful male human Archeologist ---- |..-- -- -- ------------...----- |...............).)G@.......| -- ------------..--.--- ---- |..--|.).| --..| --.| ---.--- ---.<.| -- |...| |..((.--- ---.--- |.......| |...----- |.......| ---..--.---......-- --.......>.......| |.....-----.....-- --...-- ---.|.| --.-- ---.| -. --..-- .. |...^- --.- --....| --- --..-- |..| ---- june the Field Worker Experience level: 4 Strength: 14 Dexterity: 11 Constitution: 15 Intelligence: 12 Wisdom: 17 Charisma: 11 Health: 0(36) Energy: 18(18) Def: 1 Gold: 1059 Moves: 1888 Dungeon seed: fT9m-La9BWmS5eFR Game ID: june_1523185385 Your Inventory: Coins $ - 1059 gold pieces Amulets k - an uncursed amulet versus poison Weapons a - a +2 bullwhip (alternate weapon; not wielded) j - a blessed +0 orcish dagger C - 5 +0 darts (in quiver) Armor e - an uncursed +0 leather jacket (being worn) n - a blessed +0 fedora (being worn) y - an uncursed +0 pair of leather gloves Comestibles b - 7 uncursed food rations i - 3 uncursed tins of jackal meat s - 2 uncursed tins of lichen w - an uncursed slime mold D - an uncursed tin of gnome meat Scrolls B - an uncursed scroll of remove curse Spellbooks h - an uncursed spellbook of detect food u - an uncursed spellbook of haste self Potions E - an uncursed potion of monster detection Rings t - an uncursed ring of sustain ability Wands A - a wand of lightning (0:7) Tools c - a +0 pick-axe (weapon in hand) d - a tinning kit (0:37) f - an uncursed sack m - an uncursed oil lamp (0:1282) p - an uncursed figurine of a hobbit Gems q - an uncursed touchstone r - an uncursed flint stone z - an uncursed worthless piece of blue glass N - 2 uncursed worthless pieces of green glass Spells and supernatural/magical abilities: Name Level Category Fail Memory E - detect food 2 divination 100% 92% H - haste self 3 escape 100% 97% W - pray for help -- divine ? -- Your skills at the end: Fighting Skills Weapon Skills pick-axe [Basic] whip [Basic] Spellcasting Skills Final Attributes: You were piously aligned. You saw invisible. You were invisible to others. You were stealthy. You were fast. You are dead. Vanquished creatures: 2 gnome lords a little dog 4 gnomes a gecko 8 jackals 2 foxes 2 kobolds a goblin a sewer rat 3 grid bugs 6 lichens 6 newts 37 creatures vanquished. Voluntary challenges: You were an atheist. You used a wielded weapon 46 times, starting on turn 51. You read items or engraved 14 times, starting on turn 168. You never genocided any monsters. You never polymorphed an object. You never changed form. You used no wishes. You never split a pudding. You wrote Elbereth's name 1 time, starting on turn 400. You never violated your personal moral code. Dungeon overview: The Dungeons of Doom: levels 1 to 4 Level 1 an altar to Camaxtli, some fountains a long staircase Level 2 a potion shop Level 3 a scroll shop stairs to The Gnomish Mines Level 4 a fountain The Gnomish Mines: Level 4 <- You were here stairs to The Dungeons of Doom History has recorded: On T:1 you entered the Dungeons of Doom to retrieve the Amulet of Yendor! On T:462 you reached level 2 of The Dungeons of Doom. On T:612 you advanced to experience level 2. On T:934 you reached level 3 of The Dungeons of Doom. On T:986 you reached level 1 of The Gnomish Mines. On T:1420 you reached level 4 of The Dungeons of Doom. On T:1505 you advanced to experience level 3. On T:1829 you advanced to experience level 4. Score breakdown: Gold: 1059 (10291 points) Experience: 4 levels ( 9649 points) Exploration: 4 levels ( 8.89%) ( 7833 points) Discoveries: 8 items ( 2.68%) ( 4915 points) Valuables value: (no points given unless you survive) Artifact value: 0 ( 0 points) Variety of kills: 12 monsters ( 3.15%) ( 5324 points) Turncount: 1888 turns ( 0 points) Survival: died (score multiplied by 80%) Total score: 30409 Latest messages: You miss the gnome lord. You hit the gnome lord. The gnome lord wields a dagger! You miss the gnome lord. (2x) The gnome lord thrusts his dagger. The gnome lord hits! You hit the gnome lord. (2x) The gnome lord thrusts his dagger. The gnome lord hits! You miss the gnome lord. The gnome lord thrusts his dagger. The gnome lord hits! You miss the gnome lord. You hit the gnome lord. The gnome lord thrusts his dagger. The gnome lord hits! You hit the gnome lord. The gnome lord thrusts his dagger. The gnome lord hits! You die... The sack is empty. The sack is empty. Final status: Goodbye june the Archeologist, killed by a gnome lord... You died in The Gnomish Mines on dungeon level 4 with 30409 points, and 1059 pieces of gold, after 1888 moves. You were level 4 with a maximum of 36 hit points when you died.